 Dungeon Crawl Stone Soup version 0.25-a0-613-gf4b266557c (webtiles) character file.

Game seed: 4795609018020098277, levelgen mode: deterministic

10276 navillus the Basher (level 11, -6/67 HPs)
             Began as a Gargoyle Fighter on Mar 17, 2020.
             Was an Elder of Okawaru.
             Mangled by a white ugly thing (24 damage)
             ... on level 11 of the Dungeon.
             The game lasted 00:42:01 (10058 turns).

navillus the Basher (Gargoyle Fighter)             Turns: 10058, Time: 00:42:01

Health: -6/67      AC: 27    Str: 23    XL:     11   Next: 59%
Magic:  11/11      EV:  8    Int: 12    God:    Okawaru [****..]
Gold:   650        SH: 11    Dex:  9    Spells: 10/10 levels left

rFire    . . .     SeeInvis +   a - +1 flail
rCold    . . .     Gourm    .   c - +0 kite shield
rNeg     + . .     Faith    .   u - +0 plate armour
rPois    ∞         Spirit   .   l - +1 helmet {Int+3}
rElec    +         Reflect  .   (no cloak)
rCorr    .         Harm     .   B - +0 pair of gloves (curse)
MR       .....                  b - +1 pair of boots
Stlth    ..........             i - amulet of regeneration
HPRegen  0.61/turn              H - +3 ring of evasion
MPRegen  0.12/turn              N - ring of see invisible

@: no status effects
A: negative energy resistance 1, electricity resistance, unbreathing,
petrification resistance, rot immunity, AC +8
a: Heroism, Renounce Religion


You were on level 11 of the Dungeon.
You worshipped Okawaru.
Okawaru was greatly pleased with you.
You were not hungry.

You visited 2 branches of the dungeon, and saw 12 of its levels.
You also visited: Ossuary.

You collected 650 gold pieces.

Inventory:

Hand Weapons
 a - a +1 flail (weapon)
Armour
 b - a +1 pair of boots (worn)
 c - a +0 kite shield (worn)
 l - a +1 helmet of intelligence (worn)
 u - a +0 plate armour (worn)
 B - a cursed +0 pair of gloves (worn)
Jewellery
 i - an amulet of regeneration (around neck)
 H - a +3 ring of evasion (left hand)
 N - a ring of see invisible (right hand)
Wands
 s - a wand of random effects (29)
 v - a wand of enslavement (4)
 D - a wand of flame (14)
 M - a wand of digging (4)
Scrolls
 d - a scroll of amnesia
 g - 2 scrolls of noise {unknown}
 j - a scroll of fog {unknown}
 k - 4 scrolls of teleportation
 m - 2 scrolls of remove curse
 q - a scroll of immolation
 t - 2 scrolls of blinking
 y - 3 scrolls of enchant weapon
 C - a scroll of vulnerability {unknown}
 E - a scroll of fear
 J - a scroll of silence {unknown}
 K - a scroll of enchant armour
 L - a scroll of holy word {unknown}
Potions
 e - 5 potions of haste
 h - 5 potions of flight
 n - 5 potions of curing
 o - a potion of ambrosia
 p - a potion of invisibility {unknown}
 r - 2 potions of heal wounds {unknown}
 w - 2 potions of mutation
 x - a potion of brilliance {unknown}
 z - a potion of stabbing {unknown}
 A - 3 potions of magic
 G - 2 potions of cancellation {unknown}
 I - a potion of lignification {unknown}
Comestibles
 f - 15 rations
 F - 22 chunks of flesh


   Skills:
 + Level 7.5 Fighting
 - Level 14.0 Maces & Flails
 + Level 7.5 Armour
 + Level 7.5 Shields


You had 10 spell levels left.
You didn't know any spells.
Your spell library contained the following spells:

 Spells                   Type           Power        Failure   Level  Hunger
 Sandblast                Erth           #.....       100%        1    ##.....
 Passwall                 Tmut/Erth      #.......     100%        2    ###....
 Stone Arrow              Conj/Erth      #.....       100%        3    ####...
 Petrify                  Tmut/Erth      #.......     100%        4    #####..
 Lee's Rapid Deconstruct  Erth           #.........   100%        5    ######.


Dungeon Overview and Level Annotations

Branches:
Dungeon (11/15)            Temple (1/1) D:6            Lair (0/6) D:10
    Orc (0/2) D:10        Ossuary (visited)

Altars:
Ashenzari
Cheibriados
Dithmenos
Elyvilon
Fedhas
Gozag
Hepliaklqana
Kikubaaqudgha
Makhleb
Nemelex Xobeh
Okawaru
Qazlal
Ru
Sif Muna
Trog
Uskayaw
Vehumet
Wu Jian
Xom
Yredelemnul
Zin
The Shining One

Shops:
D:5 (   D:11 [([(

Annotations:
D:4 1 runed translucent door, Crazy Yiuf
D:6 3 runed translucent doors, Mictavius's ghost, novice TeCj; dracos369's ghost, amateur MfGl; dracos369's ghost, novice MfSk


Innate Abilities, Weirdness & Mutations

You are resistant to torment.
Your stone body is resilient. (AC +8)
You are immune to poison.
You resist negative energy. (rN+)
You are resistant to electric shocks. (rElec)
You can survive without breathing.
You are immune to petrification.
You are immune to rotting.


Message History

The white ugly thing is lightly wounded.
The white ugly thing tail-slaps you but does no damage.
You hit the white ugly thing.
The white ugly thing is lightly wounded.
You sock the white ugly thing!
The white ugly thing is moderately wounded.
The white ugly thing tail-slaps you. The white ugly thing freezes you!!
You are too injured to fight recklessly!
You are too injured to fight recklessly!
You are too injured to fight recklessly!
You are too injured to fight recklessly!
You are too injured to fight recklessly!
You are too injured to fight recklessly!
You are too injured to fight recklessly!
You thump the white ugly thing!
The white ugly thing is heavily wounded.
The white ugly thing tail-slaps you!
* * * LOW HITPOINT WARNING * * *
The white ugly thing freezes you!!
You die...

#.# #.. #.#
#.####### ## #.#
#.#.....# .## #.#
#.#.###.#
..######.###.#.###.#
............>....#.#
#..#####.#########.#
##.##()..(.........#
#..#(##.#######@#.#
##.#))((# #u#.#
#..((..# #Y#)#
####.)..[#######.#..
.................###
#####....######..#
#............#..#
#.###.#.####.#..#
##.......♣###.#


You could see a white ugly thing and an ice beast.

Vanquished Creatures
  A two-headed ogre (D:10)
  2 wolf spider zombies (D:9)
  Maggie (D:8)
  2 hellwings
  3 trolls
  Grinder (D:4)
  3 hornets
  A hippogriff (D:8)
  3 wyverns
  Menkaure (Ossuary)
  An acid dragon (D:11)
  2 water moccasins
  A hornet zombie (D:9)
  A black bear (D:8)
  4 ice beasts
  3 orc warriors
  A phantom (D:5)
  6 ogres
  7 centaurs
  2 crocodiles (D:11)
  2 big kobolds
  Blork the orc (D:4)
  6 bullfrogs
  2 wyvern zombies (D:9)
  2 wyvern skeletons (D:9)
  4 scorpions
  4 killer bees (D:10)
  4 wights (D:10)
  A bullfrog zombie (D:5)
  6 crimson imps
  8 hounds
  3 bullfrog skeletons
  2 jellies
  4 centaur zombies
  8 orc priests
  An iron imp (D:9)
  Ijyb (D:3)
  Jessica (D:3)
  3 iguanas
  6 orc wizards
  7 worker ants
  A killer bee zombie (D:6)
  2 ogre zombies (Ossuary)
  A hound zombie (D:7)
  A hound skeleton (D:9)
  6 mummies (Ossuary)
  A worker ant zombie (D:10)
  Robin (D:2)
  A howler monkey skeleton (D:7)
  9 adders
  4 gnolls
  6 shadow imps
  An ooze (D:7)
  An adder zombie (Ossuary)
  4 worms
  A dart slug (D:1)
  A leopard gecko (D:2)
  31 orcs
  A ball python (D:1)
  8 bats
  7 giant cockroaches
  18 goblins
  9 hobgoblins
  14 jackals
  13 kobolds
  6 quokkas
  8 frilled lizards
  A gnoll zombie (Ossuary)
  4 goblin zombies (Ossuary)
  4 hobgoblin zombies (Ossuary)
  6 kobold zombies (Ossuary)
  An orc zombie (Ossuary)
  2 quokka zombies
  6 rats
  7 rat zombies (Ossuary)
309 creatures vanquished.

Vanquished Creatures (others)
  An orc wizard (D:11)
  A kobold (D:8)
  A withered plant (D:9)
3 creatures vanquished.

Grand Total: 312 creatures vanquished

Notes
Turn   | Place    | Note
-------+----------+-------------------------------------------
     0 | D:1      | navillus the Gargoyle Fighter began the quest for the Orb.
     0 | D:1      | Reached XP level 1. HP: 14/14 MP: 1/1
    70 | D:1      | Reached XP level 2. HP: 17/19 MP: 2/2
   167 | D:1      | Reached skill level 3 in Maces & Flails
   457 | D:1      | Reached XP level 3. HP: 23/23 MP: 3/3
   934 | D:2      | Found a sacrificial altar of Ru.
   996 | D:2      | Reached skill level 4 in Maces & Flails
  1066 | D:2      | Reached XP level 4. HP: 23/28 MP: 4/4
  1139 | D:2      | Noticed Robin
  1330 | D:2      | Killed Robin
  1547 | D:2      | Reached skill level 5 in Maces & Flails
  1552 | D:2      | Noticed an ice beast
  1558 | D:2      | Reached XP level 5. HP: 32/32 MP: 5/5
  1573 | D:2      | Killed an ice beast
  1596 | D:2      | Reached skill level 6 in Maces & Flails
  1647 | D:2      | Reached XP level 6. HP: 37/37 MP: 6/6
  1995 | D:3      | Noticed Ijyb
  1999 | D:3      | Killed Ijyb
  2186 | D:3      | Noticed Jessica
  2189 | D:3      | Killed Jessica
  2400 | D:4      | Reached skill level 7 in Maces & Flails
  2424 | D:4      | Found a sparkling altar of Nemelex Xobeh.
  2451 | D:4      | Reached XP level 7. HP: 29/41 MP: 7/7
  2484 | D:4      | Found a shimmering altar of Xom.
  2558 | D:4      | Found a sand-covered staircase.
  2564 | Ossuary  | Entered an ossuary
  2776 | Ossuary  | Reached skill level 8 in Maces & Flails
  2805 | Ossuary  | Noticed Menkaure
  2829 | Ossuary  | Killed Menkaure
  3512 | Ossuary  | Reached skill level 9 in Maces & Flails
  3512 | Ossuary  | Reached XP level 8. HP: 40/46 MP: 8/8
  3950 | D:4      | Noticed Grinder
  4033 | D:4      | Found a runed translucent door.
  4034 | D:4      | Noticed Crazy Yiuf
  4157 | D:4      | Reached skill level 10 in Maces & Flails
  4266 | D:4      | Noticed Blork the orc
  4276 | D:4      | Killed Blork the orc
  4338 | D:4      | Killed Grinder
  4490 | D:5      | Entered Level 5 of the Dungeon
  4493 | D:5      | Found a white marble altar of Elyvilon.
  4527 | D:5      | Reached skill level 11 in Maces & Flails
  4608 | D:5      | Reached XP level 9. HP: 51/51 MP: 9/9
  4654 | D:5      | Found Qahoidwi's Weapon Shop.
  4713 | D:5      | Found a shattered altar of Ashenzari.
  5055 | D:5      | Found a radiant altar of Vehumet.
  5319 | D:6      | Found a runed translucent gate.
  5319 | D:6      | Found a runed translucent gate.
  5322 | D:6      | Found a runed translucent gate.
  5322 | D:6      | Noticed dracos369's ghost (amateur MfGl)
  5322 | D:6      | Noticed dracos369's ghost (novice MfSk)
  5322 | D:6      | Noticed Mictavius's ghost (novice TeCj)
  5398 | D:6      | Found an opulent altar of Gozag.
  5504 | D:6      | Found a staircase to the Ecumenical Temple.
  5512 | D:6      | Reached skill level 12 in Maces & Flails
  5521 | Temple   | Entered the Ecumenical Temple
  5673 | D:6      | You fall into a shaft and drop 1 floor!
  6075 | D:7      | Found an ancient bone altar of Kikubaaqudgha.
  6255 | D:7      | Found a stormy altar of Qazlal.
  6825 | D:8      | Noticed a hornet
  6832 | D:8      | Killed a hornet
  6832 | D:8      | Reached skill level 13 in Maces & Flails
  6833 | D:8      | Noticed Maggie
  6848 | D:8      | Killed Maggie
  6848 | D:8      | Reached XP level 10. HP: 23/56 MP: 10/10
  7075 | D:8      | Found an iron altar of Okawaru.
  7076 | D:8      | Found a hazy altar of Hepliaklqana.
  7082 | D:8      | Became a worshipper of Warmaster Okawaru
  7422 | D:8      | Reached skill level 14 in Maces & Flails
  7423 | D:8      | Found a hide-covered altar of Uskayaw.
  7547 | D:9      | Reached * piety under Okawaru
  7794 | D:9      | Reached ** piety under Okawaru
  7794 | D:9      | Reached skill level 5 in Fighting
  7794 | D:9      | Reached skill level 5 in Armour
  7794 | D:9      | Reached skill level 5 in Shields
  8050 | D:9      | Found a snail-covered altar of Cheibriados.
  8292 | D:9      | Reached XP level 11. HP: 62/64 MP: 11/11
  8598 | D:10     | Entered Level 10 of the Dungeon
  8799 | D:10     | Found a staircase to the Orcish Mines.
  8888 | D:10     | Noticed a two-headed ogre
  8902 | D:10     | Killed a two-headed ogre
  8902 | D:10     | Reached *** piety under Okawaru
  9175 | D:10     | Found a staircase to the Lair.
  9580 | D:11     | Found Robexol's Armour Shop.
  9647 | D:11     | Reached **** piety under Okawaru
  9875 | D:11     | Found Peteg's Weapon Shoppe.
  9972 | D:11     | Found Hikhloiss's Antique Armour Shop.
 10003 | D:11     | Found Monip's Antique Weapon Emporium.
 10045 | D:11     | Noticed a white ugly thing
 10058 | D:11     | Mangled by a white ugly thing

Levels and vault maps discovered:
D:1:      elethiomel_arrival_maze, layout_loops_ring, chequers_arboretum
D:2:      layout_loops_ring, nicolae_ru_great_annihilating_truth, uniq_robin
D:3:      layout_rooms, first_ration, uniq_jessica, uniq_ijyb
D:4:      layout_loops_cross, led_xom_imps, nemelex_xobeh_ov_fountains_minmay,
          nicolae_ossuary_entry_monument, serial_bayou_pond_a,
          guppyfry_early_orc_mine, uniq_crazy_yiuf_cottage, uniq_blork_the_orc,
          uniq_grinder
D:5:      layout_loops_cross, old_standard_altar, kennysheep_mini_moat,
          kennysheep_mini, serial_shops, shop_statue, cheibrodos_gnoll_hut
D:6:      layout_loops_ring, minmay_temple_entry_glass,
          gammafunk_ghost_cemetery, grunt_gozag_statues
D:7:      layout_gridville, grunt_qazlal_sundering,
          nicolae_overflow_crystal_walls
D:8:      layout_cave_pools, gammafunk_temple_overflow_pools,
          lemuel_coloured_pillars_altar, uniq_maggie
D:9:      cheibrodos_grave_circle, layout_loops_ring, slow_altar_1,
          serial_rivers, chequers_serial_rivers_small_3,
          chequers_serial_rivers_small_a, chequers_serial_rivers_small_b,
          chequers_serial_rivers_micro_e
D:10:     layout_irregular_city, lair_entry_dummy, orc_0_dummy
D:11:     layout_basic, serial_shops, shop, nicolae_shop_trees, shop,
          nicolae_shop_behind_doors
Temple:   zaba_magenta_temple

Skill      XL: |  1  2  3  4  5  6  7  8  9 10 11 |
---------------+----------------------------------+-----
Maces & Flails | 3 4 5 6 7 9 11 13 14 | 14.0
Fighting       | 5 7 |  7.5
Shields        | 5 7 |  7.5
Armour         | 5 7 |  7.5

Action                   |  1- 3 |  4- 6 |  7- 9 | 10-12 || total
-------------------------+-------+-------+-------+-------++-------
Melee: Flail             |   198 |   212 |   574 |   768 ||  1752
  Use: Scroll            |       |     7 |     9 |     1 ||    17
       Potion            |       |       |     1 |       ||     1
 Stab: Paralysed         |     1 |       |       |       ||     1
  Eat: Chunk             |     1 |     4 |    12 |    12 ||    29
       Ration            |       |       |     1 |       ||     1
Armor: Scale mail        |   109 |    99 |    53 |       ||   261
       Plate armour      |       |       |   211 |   470 ||   681
       Chain mail        |       |       |    10 |       ||    10
Dodge: Dodged            |    59 |    62 |    84 |   154 ||   359
Block: Kite shield       |   102 |    93 |   214 |   398 ||   807

Table legend:
 A = Non-vault XP
 B = Vault XP
 C = Vault XP percentage of total XP
 D = Non-vault monster count
 E = Vault monster count
 F = Vault count percentage of total count
                 A         B        C        D         E       F
            +---------+---------+-------+---------+---------+-------
      Total |   10331 |    4350 |  29.6 |     225 |      84 |  27.2
            +---------+---------+-------+---------+---------+-------
        D:1 |      47 |       1 |   2.1 |      26 |       1 |   3.7
        D:2 |     240 |      38 |  13.7 |      33 |      14 |  29.8
        D:3 |      79 |     204 |  72.1 |       5 |       3 |  37.5
        D:4 |     459 |     614 |  57.2 |       9 |      11 |  55.0
        D:5 |     458 |      97 |  17.5 |      18 |       3 |  14.3
        D:6 |     386 |       0 |   0.0 |       9 |       0 |   0.0
        D:7 |     811 |       0 |   0.0 |      21 |       0 |   0.0
        D:8 |    1524 |     736 |  32.6 |      26 |       2 |   7.1
        D:9 |    1604 |    2168 |  57.5 |      23 |      13 |  36.1
       D:10 |    2637 |       0 |   0.0 |      36 |       0 |   0.0
       D:11 |    2086 |       0 |   0.0 |      19 |       0 |   0.0
    Ossuary |       0 |     492 | 100.0 |       0 |      37 | 100.0
            +---------+---------+-------+---------+---------+-------
